AoeStats
← 297539664

Fortress

509039575Analyzed
4v4 RM · 7d ago on Sep 25, 2026· 70m 58s· 8 players
Game mode
Random Map
Map size
Huge
Population
200
Speed
Normal
Resources
Standard
Victory
Conquest
Starting age
Dark Age
Ending age
Imperial Age
RankedLock teamsTeams togetherTeam positionsShared explorationLock speedFull tech treeHidden civsTurbo modeCheats
Victory
Defeat
🇨🇴 Turks · Colombia
1365
+14
🇹🇷 Franks · Türkiye
1338
+15
🇲🇽 Burgundians · Mexico
1308
+16
🇲🇽 Hindustanis · Mexico
1239
+19
🇨🇳 Khmer · China
1443
-22
🇭🇰 Varangians · Hong Kong SAR China
1327
-17
🇹🇼 Bohemians · Taiwan
1237
-13
🇨🇿 Japanese · Czechia
1217
-12
Villano91
8:16 Feudal Age
7:58 Double-Bit Axe
8:06 Horse Collar
12:30 Castle Age
11:51 Bow Saw
19:52 Wheelbarrow
20:40 Heavy Plow
22:31 Hand Cart
25:51 Imperial Age
23:15 Loom
23:16 Town Watch
22:57 Cavalier
23:38 Husbandry
24:44 Gold Mining
24:46 Stone Mining
26:31 Two-Man Saw
26:02 Crop Rotation
26:11 Paladin
26:59 Scale Barding Armor
27:05 Forging
27:56 Conscription
27:52 Town Patrol
29:56 Chain Barding Armor
30:12 Iron Casting
30:46 Chemistry
31:20 Plate Barding Armor
32:39 Light Cavalry
33:21 Fletching
33:14 Hussar
39:29 Gold Shaft Mining
39:34 Stone Shaft Mining
45:02 Hoardings
47:26 Caravan
47:56 Coinage
47:38 Guilds
49:15 Banking
57:18 Bodkin Arrow
57:25 Padded Archer Armor
57:26 Scale Mail Armor
71:03 Blast Furnace
Greñicov
8:05 Feudal Age
8:58 Double-Bit Axe
9:32 Horse Collar
11:55 Castle Age
15:29 Bow Saw
19:53 Gold Mining
20:50 Scale Barding Armor
20:56 Forging
22:08 Bloodlines
25:36 Imperial Age
25:06 Chain Barding Armor
25:39 Iron Casting
25:48 Gold Shaft Mining
25:58 Heavy Camel Rider
27:32 Plate Barding Armor
28:14 Wheelbarrow
27:26 Town Watch
27:56 Husbandry
27:57 Loom
29:00 Conscription
31:42 Heavy Plow
35:05 Two-Man Saw
35:36 Blast Furnace
34:56 Imperial Camel Rider
37:21 Padded Archer Armor
38:24 Chemistry
37:37 Masonry
41:57 Caravan
42:15 Leather Archer Armor
42:24 Grand Trunk Road
42:53 Light Cavalry
48:39 Ring Archer Armor
49:21 Hussar
59:06 Shatagni
59:46 Hand Cart
59:34 Town Patrol
SantiGz
7:27 Feudal Age
11:31 Castle Age
15:48 Imperial Age
20:45 Padded Archer Armor
25:53 Loom
42:40 Wheelbarrow
51:25 Horse Collar
51:31 Double-Bit Axe
55:08 Hand Cart
54:42 Town Watch
55:27 Heavy Plow
55:38 Bow Saw
59:01 Town Patrol
59:51 Scale Barding Armor
62:07 Chain Barding Armor
61:59 Bloodlines
62:32 Forging
63:58 Plate Barding Armor
63:24 Husbandry
65:38 Caravan
66:43 Iron Casting
68:45 Blast Furnace
bayirm17
7:52 Feudal Age
7:27 Loom
9:00 Double-Bit Axe
12:27 Castle Age
10:44 Stone Mining
16:52 Wheelbarrow
20:33 Gold Mining
22:23 Gold Shaft Mining
23:06 Scale Mail Armor
23:17 Forging
23:41 Scale Barding Armor
26:09 Imperial Age
24:46 Chain Mail Armor
23:54 Pikeman
24:34 Squires
24:20 Arson
24:34 Gambesons
26:33 Hand Cart
27:08 Iron Casting
26:12 Halberdier
31:01 Plate Mail Armor
33:30 Blast Furnace
39:25 Fletching
39:36 Padded Archer Armor
40:15 Bodkin Arrow
42:38 Leather Archer Armor
42:16 Elite Skirmisher
44:53 Blast Furnace
45:50 Man-at-Arms
46:41 Long Swordsman
47:53 Conscription
47:47 Caravan
48:18 Coinage
47:34 Two-Handed Swordsman
49:02 Champion
51:07 Banking
DESTINNI
7:25 Feudal Age
7:57 Double-Bit Axe
7:53 Horse Collar
12:36 Castle Age
10:50 Gold Mining
12:00 Loom
14:01 Bow Saw
13:52 Heavy Plow
17:50 Scale Mail Armor
17:55 Squires
18:01 Town Watch
18:53 Forging
20:53 Wheelbarrow
21:00 Chain Mail Armor
22:46 Hand Cart
27:32 Imperial Age
25:13 Stone Mining
25:59 Gold Shaft Mining
26:30 Iron Casting
26:29 Pikeman
29:32 Conscription
29:43 Plate Mail Armor
30:09 Fletching
31:54 Blast Furnace
31:32 Elite Samurai
42:21 Hoardings
tnan
8:26 Feudal Age
12:13 Castle Age
10:10 Double-Bit Axe
10:06 Horse Collar
13:06 Bow Saw
12:57 Heavy Plow
19:19 Loom
22:48 Wheelbarrow
25:31 Imperial Age
24:25 Chemistry
23:24 Town Watch
23:25 Pikeman
24:06 Squires
25:38 Halberdier
26:19 Squires
27:27 Two-Man Saw
28:55 Conscription
30:47 Town Patrol
31:02 Hand Cart
32:53 Scale Mail Armor
33:03 Forging
33:04 Houfnice
35:28 Siege Engineers
40:46 Fortified Wall
40:22 Arrowslits
40:35 Murder Holes
44:08 Masonry
44:23 Arson
47:05 Chain Mail Armor
47:25 Iron Casting
51:00 Architecture
50:53 Ballistics
49:58 Elite Skirmisher
57:04 Fortified Wall
57:41 Padded Archer Armor
57:39 Fletching
60:13 Bodkin Arrow
64:04 Leather Archer Armor
Archer_4794
7:35 Feudal Age
11:12 Castle Age
9:34 Double-Bit Axe
9:32 Horse Collar
13:59 Bow Saw
19:03 Wheelbarrow
18:48 Masonry
18:50 Heavy Plow
19:34 Wheelbarrow
19:14 Gold Mining
19:56 Town Watch
20:32 Fortified Wall
20:36 Loom
21:38 Scale Barding Armor
21:35 Stone Mining
28:25 Imperial Age
27:54 Bloodlines
28:15 Hand Cart
28:47 Chain Barding Armor
30:04 Conscription
33:29 Forging
33:07 Elite Jarl
38:05 Fletching
39:21 Chemistry
38:41 Ballistics
39:24 Bodkin Arrow
40:34 Chemistry
39:03 Crossbowman
39:03 Elite Skirmisher
39:25 Heavy Mounted Crossbowman
40:46 Cranequins
41:29 Bracer
41:33 Padded Archer Armor
42:13 Caravan
50:14 Pikeman
50:54 Squires
50:40 Arson
50:57 Husbandry
51:01 Scale Mail Armor
53:33 Halberdier
55:15 Chain Mail Armor
55:37 Iron Casting
55:17 Leather Archer Armor
57:35 Coinage
61:56 Plate Mail Armor
66:08 Ring Archer Armor
66:42 Blast Furnace
69:34 Vendel Legacy
69:34 Gothikon
297539664
7:17 Feudal Age
10:07 Castle Age
8:30 Double-Bit Axe
9:39 Horse Collar
11:13 Bow Saw
19:04 Wheelbarrow
20:00 Heavy Plow
20:38 Gold Mining
21:01 Loom
25:32 Imperial Age
23:36 Stone Mining
25:07 Scale Barding Armor
25:13 Forging
25:46 Bloodlines
25:37 Husbandry
24:58 Light Cavalry
25:38 Elite Ballista Elephant
26:53 Double Crossbow
28:21 Chemistry
28:26 Conscription
28:43 Iron Casting
28:41 Tusk Swords
29:33 Ballistics
31:04 Fortified Wall
31:18 Chain Barding Armor
34:01 Plate Barding Armor
34:27 Blast Furnace
33:38 Hussar
35:21 Blast Furnace
49:48 Capped Ram
Connection lost

Rejoining the realm…

Still unreachable

The connection could not be restored.

Session expired

The server has moved on; the page needs a fresh start.